Map: Ley Lines

Players

IIIIIIIIIIII

  • Race: Zerg Zerg
  • Spawn Location: 1:00

wootwoot - Winner!

  • Race: Terran Terran
  • League: Gold
  • Spawn Location: 7:00

VOD

Have the link to the VOD?

Description

Time

  • Played on: April 1, 2025, 6:41 p.m.
  • Length: 6:45
Show
View Real Time Build Order
Export as new Build Order

IIIIIIIIIIII Zerg 

Build Orders: Hatch First 

Get SALT Encoding   

  12  0:09  Drone  
  13  0:15  Overlord  
  13  0:18  Drone  
  14  0:35  Drone x2  
  16  0:45  Drone  
  17  1:05  Hatchery  
  17  1:09  Drone  
  17  1:10  Drone  
  18  1:19  Spawning Pool  
  18  1:21  Drone  
  18  1:29  Drone  
  19  1:38  Drone  
  20  2:05  Queen  
  22  2:17  Hatchery  
  22  2:18  Queen  
  23  2:32  Spine Crawler  
  23  2:37  Spine Crawler  
  21  2:39  Extractor  
  21  2:43  Drone x3  
  23  2:50  Queen  
  25  3:04  Queen  
  27  3:38  Queen  
  29  3:42  Drone x4  
  28  4:00  Evolution Chamber  
  25  4:03  Drone x3  
  25  4:04  Drone  
  24  4:18  Drone  
  24  4:19  Drone x5  
  29  4:38  Drone x3  
  32  4:57  Drone  
  32  4:58  Drone  
  34  5:13  Metabolic Boost  
  34  5:15  Hatchery  
  33  5:22  Overlord  
  33  5:23  Overlord x2  
  31  5:33  Overlord  
  31  5:34  Overlord  
  31  5:42  Zergling x18  
  40  5:57  Queen  
  41  6:00  Zergling x14  
  44  6:16  Zergling x4  
  39  6:25  Zergling x2  
  39  6:26  Zergling x2  
Show
View Real Time Build Order
Export as new Build Order

wootwoot Terran - Winner!

Build Orders: 2 Factory, Gas First Reaper Expand, Mech 

Get SALT Encoding   

  12  0:00  SCV  
  13  0:12  SCV  
  14  0:16  Supply Depot  
  14  0:24  SCV  
  15  0:28  Refinery  
  15  0:38  SCV  
  16  0:44  Barracks  
  16  0:50  SCV  
  17  1:02  SCV  
  18  1:14  SCV  
  19  1:30  Orbital Command  
  19  1:31  Reaper  
  20  1:42  Command Center  
  20  1:52  Factory  
  20  1:56  SCV  
  20  2:01  Refinery  
  21  2:06  Barracks Reactor  
  21  2:11  Supply Depot  
  21  2:13  SCV  
  22  2:23  Bunker  
  22  2:26  SCV  
  23  2:38  Factory  
  23  2:48  Hellion  
  23  2:50  Hellion  
  27  2:51  Barracks Tech Lab  
  27  3:02  Orbital Command  
  27  3:13  Hellion  
  29  3:28  Siege Tank  
  32  3:36  Marine  
  33  3:44  Supply Depot  
  33  4:00  Siege Tank  
  34  4:04  SCV  
  35  4:15  SCV  
  35  4:16  SCV  
  35  4:17  Supply Depot  
  35  4:18  Supply Depot  
  35  4:19  Factory Reactor  
  33  4:26  Mag-Field Accelerator  
  33  4:27  SCV  
  34  4:32  Siege Tank  
  37  4:42  SCV  
  38  4:54  SCV x2  
  38  4:57  Hellion x2  
  44  5:11  SCV  
  45  5:16  Siege Tank  
  48  5:28  Hellion x2  
  52  5:33  Factory  
  52  5:35  Factory  
  52  5:36  Refinery  
  52  5:39  Refinery  
  52  5:40  SCV  
  53  5:46  Factory  
  53  5:52  SCV  
  54  5:57  Hellion x2  
  57  6:04  SCV  
  55  6:11  Hellion  
  55  6:12  Orbital Command  
  56  6:19  SCV, Hellion  
  59  6:28  Factory Tech Lab  
  59  6:29  Factory Tech Lab  
  59  6:32  SCV  
Tags
 
Add a new tag
Caveats
  • Supply blocks, unpowered buildings, or Contaminate may cause inaccurate times.
  • Supply counts are checked every 10 seconds.